 Dungeon Sprint DCSS version 0.21-a0-417-g0adc95b (webtiles) character file.

705 Kidiri the Fighter (level 7, 0/68 HPs)
             Began as a Red Draconian Transmuter on Nov 3, 2017.
             Was a Follower of Wu Jian.
             Slain by an ice devil (12 damage)
             ... summoned by a kobold demonologist
             ... in the Dungeon (Sprint I: "Red Sonja").
             The game lasted 00:03:13 (823 turns).

Kidiri the Fighter (Red Draconian Transmuter)        Turns: 823, Time: 00:03:13

Health: 0/68       AC:  2    Str: 12    XL:     7   Next: 39%
Magic:  13/14      EV: 23    Int: 14    God:    Wu Jian [*.....]
Gold:   405        SH:  0    Dex: 18    Spells: 6/16 levels left

rFire    . . .     SeeInvis .     - Unarmed
rCold    . . .     Gourm    .   (shield currently unavailable)
rNeg     . . .     Faith    .   (armour unavailable)
rPois    x         Spirit   .   (helmet currently unavailable)
rElec    .         Reflect  .   (cloak currently unavailable)
rCorr    .         Harm     .   (gloves currently unavailable)
MR       .....     NoTele   +   (boots currently unavailable)
Stlth    +++.......             (no amulet)
HPRegen  0.21/turn              (no ring)
MPRegen  0.14/turn              (no ring)

@: spider-form
A: (breathe fire), unfitting armour, AC +6
a: End Transformation, Renounce Religion


You were in the Dungeon.
You worshipped Wu Jian.
Wu Jian was aware of your devotion.
You were not hungry.
You were a venomous arachnid creature.
You visited 1 branch You collected 405 gold pieces.

Inventory:

Missiles
 a - 9 arrows
Wands
 h - a wand of digging (13/24)
Scrolls
 i - a scroll of blinking
 p - a scroll of identify {unknown}
Potions
 f - a potion of haste
 g - 2 potions of magic
 q - a potion of brilliance {unknown}
Books
 b - a book of Changes

   Spells                             Type                      Level
   a - Beastly Appendage              Transmutation                1
   b - Sticks to Snakes               Transmutation                2
   c - Spider Form                    Transmutation/Poison         3
   d - Ice Form                       Ice/Transmutation            4
   e - Blade Hands                    Transmutation                5
Comestibles
 c - a bread ration


   Skills:
 * Level 8.0 Fighting
 + Level 4.9 Dodging
 + Level 4.9 Stealth
 * Level 7.8 Unarmed Combat
 + Level 5.0 Spellcasting
 * Level 7.5 Transmutations
 + Level 2.4 Ice Magic
 + Level 3.9 Poison Magic


You had 6 spell levels left.
You knew the following spells:

 Your Spells              Type           Power        Failure   Level  Hunger
a - Beastly Appendage     Tmut           ###...       4%          1    None
b - Sticks to Snakes      Tmut           ###.....     5%          2    ##.....
c - Spider Form           Tmut/Pois      ###.......   14%         3    ###....
d - Ice Form              Ice/Tmut       ###.....     43%         4    ####...


Dungeon Overview and Level Annotations

Branches:
Dungeon (1/1)

Altars:
Cheibriados
Dithmenos
Elyvilon
Fedhas
Gozag
Hepliaklqana
Kikubaaqudgha
Makhleb
Nemelex Xobeh
Okawaru
Qazlal
Ru
Sif Muna
Trog
Uskayaw
Vehumet
Wu Jian
Xom
Yredelemnul
Zin
The Shining One
Jiyva
Lugonu

Shops:
D :


Innate Abilities, Weirdness & Mutations

((You can breathe blasts of fire.))
((Your fiery red scales are hard. (AC +6)))
You cannot fit into any form of body armour.
((Your flesh is heat resistant. (rF+)))
((You are cold-blooded and may be slowed by cold attacks.))


Message History

You hit the kobold demonologist.
The kobold demonologist is severely wounded.
The ice devil misses you.
The kobold demonologist hits you but does no damage.
The kobold demonologist mumbles some strange words.
Unknown command.
You completely miss the kobold demonologist.
The kobold demonologist is severely wounded.
The ice devil hits you.
* * * LOW HITPOINT WARNING * * *
The ice devil freezes you!
* * * LOW HITPOINT WARNING * * *
The kobold demonologist begins to cast a cantrip, but forgets the words!
The kobold demonologist barely misses you.
You feel better.
The chaos spawn degenerates into a cloud of primal chaos!
The orange demon barely misses you. The ice devil hits you.
* * * LOW HITPOINT WARNING * * *
The ice devil freezes you!
You die...

#####################
.'..#..'..#__#..sK§.#
.#..'..#..'..'.4#K..#
###+#####'#__####.4.+
##..#...#.#### ####
_####..##.#
____##+#_.+
.∩...+..._#
..__##_.#+#
____###+#(#


You could see an orange demon, an ice devil and 2 kobold demonologists.

Vanquished Creatures
  A slime creature (D)
  A yak (D)
  A floating eye (D)
  An ogre (D)
  A jelly (D)
  Ijyb (D)
6 creatures vanquished.

Vanquished Creatures (collateral kills)
  Sigmund (D)
1 creature vanquished.

Grand Total: 7 creatures vanquished

Notes
Turn   | Place    | Note
-------+----------+-------------------------------------------
     0 | D        | Kidiri the Draconian Transmuter began the quest for the Orb.
     0 | D        | Reached XP level 1. HP: 16/16 MP: 3/3
     3 | D        | Noticed Ijyb
    17 | D        | Killed Ijyb
    17 | D        | Reached skill level 3 in Fighting
    17 | D        | Reached skill level 1 in Stealth
    17 | D        | Reached XP level 2. HP: 26/26 MP: 2/5
    66 | D        | Learned a level 2 spell: Sticks to Snakes
    81 | D        | Noticed an ogre
    91 | D        | Killed an ogre
    91 | D        | Reached skill level 4 in Fighting
    91 | D        | Reached skill level 5 in Unarmed Combat
    91 | D        | Reached XP level 3. HP: 9/34 MP: 1/7
    91 | D        | Reached XP level 4. HP: 11/41 MP: 1/8
   110 | D        | Learned a level 3 spell: Spider Form
   324 | D        | Noticed Sigmund
   333 | D        | Killed Sigmund
   333 | D        | Reached skill level 6 in Fighting
   333 | D        | Reached skill level 5 in Transmutations
   333 | D        | Reached XP level 5. HP: 49/50 MP: 4/11
   343 | D        | Learned a level 4 spell: Ice Form
   391 | D        | Found an ornate altar of the Wu Jian Council.
   391 | D        | Found a deep blue altar of Sif Muna.
   393 | D        | Found a radiant altar of Vehumet.
   396 | D        | Became a worshipper of the Wu Jian Council
   399 | D        | Reached XP level 6. HP: 56/57 MP: 9/12
   439 | D        | Found Eger's Book Emporium.
   439 | D        | Found an ancient bone altar of Kikubaaqudgha.
   439 | D        | Found a hazy altar of Hepliaklqana.
   439 | D        | Found a stormy altar of Qazlal.
   439 | D        | Found a hide-covered altar of Uskayaw.
   439 | D        | Found a blossoming altar of Fedhas.
   439 | D        | Found a bloodstained altar of Trog.
   439 | D        | Found an iron altar of Okawaru.
   439 | D        | Found a basalt altar of Yredelemnul.
   439 | D        | Found a glowing golden altar of the Shining One.
   439 | D        | Found a snail-covered altar of Cheibriados.
   439 | D        | Found a sacrificial altar of Ru.
   439 | D        | Found a glowing silver altar of Zin.
   439 | D        | Found a shadowy altar of Dithmenos.
   439 | D        | Found a white marble altar of Elyvilon.
   439 | D        | Noticed a yak
   441 | D        | Found an opulent altar of Gozag.
   448 | D        | Killed a yak
   448 | D        | Reached skill level 7 in Fighting
   448 | D        | Reached skill level 1 in Ice Magic
   449 | D        | Found a sparkling altar of Nemelex Xobeh.
   554 | D        | Found a burning altar of Makhleb.
   554 | D        | Found a viscous altar of Jiyva.
   554 | D        | Found a shimmering altar of Xom.
   554 | D        | Found a corrupted altar of Lugonu.
   554 | D        | Noticed a slime creature
   565 | D        | Killed a slime creature
   565 | D        | Reached * piety under Wu Jian
   565 | D        | Your scales start taking on a fiery red colour.
   565 | D        | Reached XP level 7. HP: 39/67 MP: 10/14
   565 | D        | Gained mutation: Your flesh is heat resistant. (rF+) [Red Draconian growth]
   808 | D        | Noticed a kobold demonologist
   810 | D        | Noticed a chaos spawn
   810 | D        | Noticed a kobold demonologist
   813 | D        | Paralysed by a floating eye for 3 turns
   814 | D        | Noticed an ice devil
   815 | D        | Reached skill level 8 in Fighting
   815 | D        | Reached skill level 5 in Spellcasting
   822 | D        | Noticed an orange demon
   822 | D        | HP: 2/68 [ice devil[a kobold demonologist] (13)]
   823 | D        | Slain by an ice devil

Vault maps used:
D:        dungeon_sprint_1

Skill      XL: |  1  2  3  4  5  6  7 |
---------------+----------------------+-----
Fighting       | 3 4 6 7 8 |  8.0
Dodging        | 2 3 4 |  4.9
Stealth        | 1 2 3 4 |  4.9
Unarmed Combat | 4 5 6 7 |  7.8
Transmutations | 3 4 5 6 7 |  7.5
Spellcasting   | 3 4 5 |  5.0
Poison Magic   | 2 3 |  3.9
Ice Magic      | 2 |  2.4

Action                   |  1- 3 |  4- 6 |  7- 9 || total
-------------------------+-------+-------+-------++-------
Melee: Unarmed           |    19 |    22 |     8 ||    49
       Kick              |     1 |       |       ||     1
       Tailslap          |     1 |       |       ||     1
 Cast: Beastly Appendage |     2 |       |       ||     2
       Sticks to Snakes  |     2 |     1 |       ||     3
       Spider Form       |       |     4 |     1 ||     5
  Use: Potion            |     1 |       |     2 ||     3
 Stab: Sleeping          |       |     3 |       ||     3
Armor: Skin              |     1 |       |     1 ||     2
Dodge: Dodged            |     2 |    10 |    10 ||    22

Table legend:
 A = Spawn XP
 B = Non-spawn XP
 C = Spawn XP percentage of total XP
 D = Spawn monster count
 E = Non-spawn monster count
 F = Spawn count percentage of total count
 G = Total turns spent on level
                    A         B        C        D         E        F      G
               +---------+---------+-------+---------+---------+-------+---------
         Total |       0 |    1008 |   0.0 |       0 |       7 |   0.0 |   823
               +---------+---------+-------+---------+---------+-------+---------
             D |       0 |    1008 |   0.0 |       0 |       7 |   0.0 |   823
               +---------+---------+-------+---------+---------+-------+---------
